 Dungeon Crawl Stone Soup version 0.19.0 (webtiles) character file.

1802 Gorglomux the Cleaver (level 8, -8/76 HPs)
             Began as a Deep Dwarf Fighter on Nov 1, 2016.
             Mangled by a hill giant
             ... wielding a +0 giant club
              (10 damage)
             ... on level 6 of the Dungeon.
             The game lasted 00:13:59 (3843 turns).

Gorglomux the Cleaver (Deep Dwarf Fighter)          Turns: 3843, Time: 00:14:00

Health: -8/76      AC: 10    Str: 23    XL:     8   Next: 83%
Magic:  12/12      EV:  9    Int: 11    God:
Gold:   327        SH:  2    Dex: 12    Spells: 0 memorised, 7 levels left

rFire  . . .     SeeInvis .     G - +7 battleaxe of Destiny {venom, rElec Int+3}
rCold  . . .     Gourm    .     b - +0 scale mail
rNeg   . . .     Faith    .     (shield currently unavailable)
rPois  .         Spirit   .     (no helmet)
rElec  +         Reflect  +     (no cloak)
rCorr  .         Harm     .     (no gloves)
MR     +....                    z - +2 pair of boots
Stlth  ..........               A - +2 amulet of reflection
                                (no ring)
                                B - ring of loudness (curse)

@: non-regenerating
A: damage resistance, recharge devices, sense surroundings 1, slow regeneration
3
a: Device Recharging


You were on level 6 of the Dungeon.
You were not hungry.

You visited 1 branch of the dungeon, and saw 6 of its levels.

You collected 327 gold pieces.

Inventory:

Hand Weapons
 a - a +1 war axe
 G - the +7 battleaxe of Destiny (weapon) {venom, rElec Int+3}
   (You found it on level 5 of the Dungeon)

   It poisons the flesh of those it strikes.
   It affects your intelligence (+3).
   It insulates you from electricity.
Missiles
 H - 2 tomahawks (quivered)
Armour
 b - a +0 scale mail (worn)
 c - a +0 shield
 k - a +0 pair of boots
 z - a +2 pair of boots (worn)
Jewellery
 A - a +2 amulet of reflection (around neck)
 B - a cursed ring of loudness (left hand)
Wands
 e - a wand of heal wounds (1/9)
 E - a wand of flame (31/48)
Scrolls
 g - a scroll of enchant armour {unknown}
 i - 2 scrolls of fog {unknown}
 j - 2 scrolls of random uselessness {unknown}
 l - 2 scrolls of noise {unknown}
 n - a scroll of enchant weapon
 o - 6 scrolls of identify
 r - 3 scrolls of teleportation
 u - 2 scrolls of fear {unknown}
 v - 2 scrolls of amnesia {unknown}
 y - a scroll of remove curse {unknown}
 C - 2 scrolls of magic mapping {unknown}
 F - a scroll of immolation {unknown}
Potions
 d - 2 potions of might
 h - 4 potions of curing
 m - 2 potions of lignification {unknown}
 q - 2 potions of brilliance {unknown}
 t - 2 potions of heal wounds {unknown}
 w - a potion of flight {unknown}
Comestibles
 f - 2 bread rations
 p - 8 fruits
 s - 2 meat rations
 x - 3 slices of pizza
 D - 10 chunks of flesh


   Skills:
 + Level 5.7 Fighting
 * Level 9.3 Axes
 - Level 3.2 Armour
 - Level 1.0 Stealth
 - Level 3.2 Shields
 + Level 7.1 Evocations


You had 7 spell levels left.
You didn't know any spells.

Dungeon Overview and Level Annotations

Branches:
Dungeon (6/15)
 Temple: D:4-7

Altars:
Qazlal
The Shining One

Shops:
D:4 (


Innate Abilities, Weirdness & Mutations

You are resistant to damage.
You can recharge devices by infusing magical energy.
You passively map a small area around you.
You do not regenerate.


Message History

Eat one of 11 chunks of flesh? (ye/n/q)
You start eating one of the 11 chunks of flesh.
This raw flesh tastes terrible.
Evoke which item? (* to show all) (? for menu, Esc to quit)
Zapping:
e - a wand of heal wounds (2/9)
Press: ? - help, Shift-Dir - straight line, f - you You feel much better.
This wand has 1 charge left.
You hit the hill giant.
The hill giant is poisoned.
The hill giant is lightly wounded.
The hill giant hits you with a giant club!!
* * * LOW HITPOINT WARNING * * *
You slash the hill giant!
The hill giant is moderately wounded.
The hill giant hits you with a giant club!!
* * * LOW HITPOINT WARNING * * *
You hit the hill giant.
The hill giant looks as sick as possible!
The hill giant is moderately wounded.
The hill giant hits you with a giant club!
You die...

########..##...########.....####
# ##......#....(...###......# #
* #..###.............##..##... .
,...........................> #,
*#..........##.............##
#.........###.............# ,,
.....(....###(............#
........###.C)............# , ,
..#####....@(.............#
####.##.(...........# ,
**,...##...........$.. , ,
..#####.............. * ,, ##*
#..........#.# ##########..., *
... * . ,


You could see a hill giant.

Vanquished Creatures
  Grinder (D:5)
  2 sky beasts
  An ice beast (D:6)
  An ogre (D:6)
  A centaur (D:6)
  A wyvern zombie (D:6)
  A bullfrog (D:6)
  A scorpion (D:5)
  4 wights (D:6)
  A howler monkey (D:6)
  2 crimson imps (D:5)
  A centaur zombie (D:5)
  A bullfrog zombie (D:5)
  A hound (D:5)
  2 orc priests
  A jelly (D:5)
  7 orc wizards
  An iguana (D:6)
  Ijyb (D:2)
  Terence (D:2)
  A worker ant (D:4)
  A hound skeleton (D:6)
  3 gnolls (D:3)
  9 adders
  A shadow imp (D:5)
  3 oozes
  An adder skeleton (D:4)
  2 worms
  4 dart slugs
  8 leopard geckos
  13 orcs
  9 bats
  A giant cockroach (D:4)
  8 goblins
  5 hobgoblins
  8 jackals
  9 kobolds
  A quokka (D:4)
  7 frilled lizards
  A jackal skeleton (D:4)
  A leopard gecko skeleton (D:4)
  9 rats
137 creatures vanquished.

Notes
Turn   | Place    | Note
-------+----------+-------------------------------------------
     0 | D:1      | Gorglomux the Deep Dwarf Fighter began the quest for the Orb.
     0 | D:1      | Reached XP level 1. HP: 20/20 MP: 1/1
   305 | D:1      | Reached XP level 2. HP: 16/27 MP: 2/2
   382 | D:1      | Reached skill level 1 in Stealth
   574 | D:1      | Reached skill level 3 in Axes
   878 | D:1      | Reached skill level 1 in Evocations
  1009 | D:1      | Reached XP level 3. HP: 19/34 MP: 3/3
  1187 | D:2      | Noticed Ijyb
  1207 | D:2      | Killed Ijyb
  1207 | D:2      | Reached XP level 4. HP: 12/42 MP: 5/5
  1311 | D:2      | Noticed Terence
  1335 | D:2      | Killed Terence
  1335 | D:2      | Reached skill level 4 in Axes
  1559 | D:2      | Found a stormy altar of Qazlal.
  1629 | D:3      | Reached XP level 5. HP: 28/49 MP: 6/6
  1699 | D:3      | Reached skill level 5 in Axes
  1777 | D:3      | Reached XP level 6. HP: 38/57 MP: 8/8
  2297 | D:4      | Found Fytifem's Antique Weapon Boutique.
  2429 | D:4      | Reached skill level 6 in Axes
  2870 | D:5      | Entered Level 5 of the Dungeon
  2922 | D:5      | Found a glowing golden altar of the Shining One.
  3001 | D:5      | Reached XP level 7. HP: 20/64 MP: 10/10
  3018 | D:5      | Noticed Grinder
  3030 | D:5      | Killed Grinder
  3138 | D:5      | Reached skill level 5 in Evocations
  3147 | D:5      | Reached skill level 7 in Axes
  3322 | D:5      | Got a faintly glowing battleaxe
  3328 | D:5      | Identified the +7 battleaxe of Destiny {venom, rElec Int+3} (You found it on level 5 of the Dungeon)
  3372 | D:5      | Reached XP level 8. HP: 21/73 MP: 12/12
  3590 | D:6      | Reached skill level 5 in Fighting
  3590 | D:6      | Reached skill level 8 in Axes
  3806 | D:6      | Reached skill level 9 in Axes
  3821 | D:6      | Noticed a hill giant
  3842 | D:6      | HP: 2/76 [hill giant/giant club (20)]
  3843 | D:6      | Mangled by a hill giant

Skill      XL: |  1  2  3  4  5  6  7  8 |
---------------+-------------------------+-----
Stealth        | 1 |  1.0
Axes           | 3 4 5 6 7 9 |  9.3
Fighting       | 3 4 5 |  5.7
Evocations     | 1 2 3 4 5 7 |  7.1
Armour         | |  3.2
Shields        | |  3.2

Action                   |  1- 3 |  4- 6 |  7- 9 || total
-------------------------+-------+-------+-------++-------
Melee: War axe           |   115 |   240 |    54 ||   409
       Battleaxe         |       |       |    69 ||    69
Throw: Tomahawk          |       |       |     2 ||     2
 Abil: Device Recharging |       |       |     1 ||     1
Evoke: Wand              |       |     4 |     4 ||     8
  Use: Scroll            |       |     3 |       ||     3
  Eat: Chunk             |     1 |     7 |     3 ||    11
Armor: Scale mail        |    73 |   126 |    46 ||   245
Dodge: Dodged            |    39 |    71 |    53 ||   163
Block: Shield            |    60 |   145 |    23 ||   228
       Other             |       |       |     6 ||     6
